 Dungeon Crawl Stone Soup version 0.29-a0-322-g68df515428 (webtiles) character file.

Game seed: 1176000461801353849

118 kae the Firebug (level 5, -7/29 HPs)
             Began as a Tengu Fire Elementalist on Apr 7, 2022.
             Killed from afar by an orc (18 damage)
             ... with a bolt of acid
             ... on level 3 of the Dungeon.
             The game lasted 00:01:58 (4270 turns).

kae the Firebug (Tengu Fire Elementalist)           Turns: 4270, Time: 00:01:59

Health: -7/29      AC:  2    Str:  8    XL:     5   Next: 2%
Magic:  7/9        EV: 15    Int: 17    God:
Gold:   120        SH:  0    Dex: 15    Spells: 2/8 levels left

rFire   . . .      SeeInvis .   r - +0 falchion
rCold   . . .      Faith    .   (no shield)
rNeg    . . .      Spirit   .   a - +0 robe
rPois   .          Reflect  .   (helmet restricted)
rElec   .          Harm     .   (no cloak)
rCorr   .          Rampage  .   (no gloves)
Will    .....                   (boots unavailable)
Stlth   ++........              (no amulet)
HPRegen 0.09/turn               (no ring)
MPRegen 0.11/turn               (no ring)

@: flying quickly and evasively, quick
A: beak, talons 3, nimble flight
a: no special abilities


You were on level 3 of the Dungeon.
You visited 1 branch of the dungeon, and saw 3 of its levels.

You collected 171 gold pieces.
You spent 51 gold pieces at shops.

Inventory:

Hand Weapons
 r - a +0 falchion (weapon)
Armour
 a - a +0 robe (worn)
Jewellery
 j - a ring of see invisible
Scrolls
 c - 3 scrolls of identify
 d - 4 scrolls of teleportation
 e - 3 scrolls of noise {unknown}
 i - a scroll of blinking {unknown}
 k - 3 scrolls of amnesia {unknown}
 l - 2 scrolls of fog {unknown}
 m - a scroll of enchant weapon {unknown}
 n - a scroll of vulnerability {unknown}
 o - a scroll of immolation {unknown}
 q - a scroll of fear {unknown}
Potions
 b - a potion of magic
 f - 3 potions of attraction
 g - 2 potions of degeneration
 h - a potion of mutation
 p - 2 potions of might


   Skills:
 + Level 1.3 Fighting
 + Level 1.7 Armour
 + Level 2.7 Dodging
 - Level 2.0 Stealth
 + Level 2.4 Spellcasting
 + Level 2.4 Conjurations
 * Level 4.4 Fire Magic


You had 2 spell levels left.
You knew the following spells:

 Your Spells              Type           Power      Damage    Failure   Level
a - Foxfire               Conj/Fire      52%        2x1d6     4%          1
b - Scorch                Fire           34%        2d6       4%          2
c - Conjure Flame         Conj/Fire      13%        6-21      14%         3

Your spell library contained the following spells:

 Spells                   Type           Power      Damage    Failure   Level
 Pain                     Necr           8%         1d4       19%         1
 Inner Flame              Hex/Fire       9%         N/A       22%         3
 Flame Wave               Conj/Fire      13%        2d6       41%         4
 Gell's Gravitas          Tloc           2%         N/A       50%         3
 Lesser Beckoning         Tloc           2%         N/A       50%         3
 Teleport Other           Tloc           2%         N/A       50%         3
 Agony                    Necr           2%         N/A       99%         5
 Excruciating Wounds      Necr           1%         N/A       99%         5


Dungeon Overview and Level Annotations

Branches:
Dungeon (3/15)

Altars:

Shops:
D:1 *


Innate Abilities, Weirdness & Mutations

You have a beak for a mouth.
You have claws for feet.
Your magical nature lets you fly swiftly and evasively.


Message History

A dart slug is nearby!
Casting: Foxfire (safe; 4% risk of failure)
Confirm with . or Enter, or press ? or * to list all spells.
You conjure some foxfire!
A dart slug is nearby!
Casting: Foxfire (safe; 4% risk of failure)
Confirm with . or Enter, or press ? or * to list all spells.
You conjure some foxfire!
The foxfire hits the dart slug.
The dart slug is heavily wounded.
The foxfire hits the dart slug.
The dart slug is almost dead.
The foxfire hits the dart slug.
You kill the dart slug!
Your foxfire dissipates!
HP restored.
Things that are here:
a +0 dagger; a +0 robe
Things that are here:
a +0 whip; 4 stones
Casting: Foxfire (safe; 4% risk of failure)
Confirm with . or Enter, or press ? or * to list all spells.
You conjure some foxfire!
Your foxfire dissipates! x2
Found a helmet.
An orc comes into view.
It is wielding a +0 short sword and carrying a wand of acid (13).
An orc is nearby!
Casting: Foxfire (safe; 4% risk of failure)
Confirm with . or Enter, or press ? or * to list all spells.
You conjure some foxfire!
The orc zaps a wand.
The bolt of acid misses your foxfire. The bolt of acid hits your foxfire!!
The acid corrodes your foxfire! The bolt of acid hits you!!
Ouch! That really hurt!
The foxfire hits the orc.
The orc is moderately wounded.
Casting: Foxfire (safe; 4% risk of failure)
Confirm with . or Enter, or press ? or * to list all spells.
You conjure some foxfire!
The orc zaps a wand.
The bolt of acid hits you!!
Ouch! That really hurt!
You die...

..# #.# #.# #[# #.#
#######.#
#.......############
.......@v..........#####
....§§§§v.)..)..........
..o.##############.....#
... #.....# . ##.####
#..# ##.# #.## #..#


You could see an orc (ally target).

Vanquished Creatures
  An orc wizard (D:3)
  3 adders (D:2)
  3 dart slugs
  An orc (D:3)
  7 endoplasms
  4 goblins
  7 hobgoblins
  3 jackals (D:3)
  3 quokkas
  4 ball pythons
  8 bats
  2 frilled lizards
  10 kobolds
  3 rats
59 creatures vanquished.

Vanquished Creatures (others)
  158 foxfires
  2 plants (D:1)
160 creatures vanquished.

Grand Total: 219 creatures vanquished

Notes
Turn   | Place    | Note
-------+----------+-------------------------------------------
     0 | D:1      | kae the Tengu Fire Elementalist began the quest for the
                  | Orb.
     0 | D:1      | Reached XP level 1. HP: 10/10 MP: 4/4
   661 | D:1      | Found Relilo's Assorted Antiques.
   735 | D:1      | Reached XP level 2. HP: 10/15 MP: 0/6
   858 | D:1      | Learned a level 2 spell: Scorch
  1191 | D:1      | Found a faded altar of an unknown god.
  2278 | D:2      | Reached XP level 3. HP: 20/20 MP: 5/7
  2290 | D:2      | Reached skill level 1 in Armour
  2300 | D:2      | Learned a level 3 spell: Conjure Flame
  2385 | D:2      | Reached skill level 4 in Fire Magic
  2680 | D:2      | Reached skill level 1 in Fighting
  2680 | D:2      | Reached XP level 4. HP: 25/25 MP: 2/8
  3200 | D:1      | Bought a scroll labelled NEGEECIUDI for 17 gold pieces
  3200 | D:1      | Bought a scroll labelled XAR TUL BOESY for 17 gold pieces
  3200 | D:1      | Bought a scroll labelled BES ALEEGAO for 17 gold pieces
  4184 | D:3      | Gained mutation: Your magical nature lets you fly swiftly
                  | and evasively. [Tengu growth]
  4184 | D:3      | Reached XP level 5. HP: 23/29 MP: 6/9
  4270 | D:3      | Killed from afar by an orc

Illustrated notes

Levels and vault maps discovered:
D:1:      scummos_arrival_gate, layout_loops_corners,
          dilly_ecumenical_altar_fadedgnrine, serial_shops, shop, serial_forest,
          infiniplex_forest_straight_2, infiniplex_forest_end_2,
          infiniplex_forest_clump_diagonal, infiniplex_forest_clump_long,
          infiniplex_forest_clump_diagonal, infiniplex_forest_straight_2,
          infiniplex_forest_lined_2, hex_tiny
D:2:      layout_basic, dreamdust_wishing_well, palyth_stone_intersect,
          minmay_nonomino_d4
D:3:      layout_basic

Skill      XL: |  1  2  3 |
---------------+----------+-----
Armour         | 1 |  1.7
Fire Magic     | 4 |  4.4
Conjurations   | 2 |  2.4
Fighting       | 1 |  1.3
Dodging        | |  2.7
Stealth        | |  2.0
Spellcasting   | |  2.4

Action                   |  1- 3 |  4- 6 || total
-------------------------+-------+-------++-------
Melee: Unarmed           |    23 |     3 ||    26
       Kick              |     8 |     3 ||    11
       Peck              |     1 |     6 ||     7
       Falchion          |       |    15 ||    15
 Cast: Foxfire           |    63 |    30 ||    93
       Scorch            |     8 |    10 ||    18
  Use: Scroll            |     1 |     4 ||     5
 Stab: Sleeping          |       |     2 ||     2
Armor: Robe              |     6 |       ||     6
Dodge: Dodged            |    32 |    18 ||    50

Table legend: (Time is in decaauts)
 A = Elapsed time spent in this place.
 B = Non-inter-level travel time spent in this place.
 C = Inter-level travel time spent in this place.
 D = Time resting spent in this place.
 E = Time spent auto-exploring this place.
 F = Levels seen in this place.
 G = Mean time per level.
                   A        B        C        D        E       F      G
               +--------+--------+--------+--------+--------+-----+--------+
         Total |   4274 |   4191 |     83 |    254 |   3463 |   3 | 1424.7 |
       Dungeon |   4274 |   4191 |     83 |    254 |   3463 |   3 | 1424.7 |
               +--------+--------+--------+--------+--------+-----+--------+

Top non-repeatable levels by time:
     D:1: 1700 daAuts
     D:2: 1552 daAuts
     D:3: 1022 daAuts
